Map: Sanctuary III LE

Players

Vaeda (HiGhDrA)

  • Race: Protoss Protoss
  • League: Master
  • Spawn Location: 1:00

Harstem - Winner!

  • Race: Protoss Protoss
  • League: Grandmaster
  • Spawn Location: 7:00

Event: HomeStory Cup XXIX

VOD

Have the link to the VOD?

Description

Time

  • Played on: July 4, 2026, 8:24 a.m.
  • Length: 6:32

All games in this series

Show
View Real Time Build Order
Export as new Build Order

Vaeda Protoss 

Build Orders: Phoenix Opening 

Get SALT Encoding   

  8  0:00  Probe  
  9  0:12  Probe  
  10  0:24  Probe  
  11  0:29  Pylon  
  11  0:36  Probe (Chrono Boost)  
  12  0:48  Probe (Chrono Boost)  
  13  0:53  Gateway  
  13  0:57  Probe (Chrono Boost)  
  14  1:04  Probe (Chrono Boost)  
  14  1:08  Assimilator  
  15  1:16  Probe (Chrono Boost)  
  15  1:18  Assimilator  
  16  1:24  Probe (Chrono Boost)  
  17  1:31  Probe  
  18  1:43  Cybernetics Core  
  18  1:44  Probe  
  19  1:52  Pylon  
  19  1:56  Probe  
  20  2:08  Probe  
  21  2:20  Probe  
  24  2:27  Nexus  
  22  2:32  Sentry  
  24  2:38  Warp Gate  
  24  2:43  Shield Battery  
  24  2:46  Probe  
  24  2:48  Phoenix  
  27  3:01  Stalker  
  27  3:08  Probe  
  28  3:16  Gateway  
  28  3:20  Gateway  
  28  3:24  Probe  
  29  3:32  Pylon  
  29  3:39  Probe (Chrono Boost)  
  29  3:40  Probe (Chrono Boost)  
  33  3:49  Probe x2 (Chrono Boost)  
  33  3:51  Phoenix  
  33  3:54  Probe x2 (Chrono Boost)  
  33  3:58  Twilight Council  
  35  4:05  Probe  
  35  4:06  Probe  
  35  4:08  Sentry x2  
  43  4:17  Probe  
  43  4:18  Probe  
  43  4:20  Sentry  
  45  4:24  Pylon  
  45  4:30  Probe x2  
  47  4:31  Blink (Chrono Boost)  
  47  4:42  Probe x2  
  49  4:54  Probe x2  
  49  4:59  Nexus  
  51  5:00  Pylon  
  51  5:16  Probe  
  52  5:22  Stalker  
  52  5:27  Gateway  
  52  5:28  Gateway  
  54  5:29  Probe x2  
  54  5:30  Gateway  
  54  5:34  Stalker x2  
  60  5:37  Assimilator  
  59  5:43  Pylon  
  59  5:53  Pylon  
  59  5:55  Pylon  
  56  6:06  Stalker  
  56  6:07  Stalker x2  
  56  6:08  Shield Battery  
  56  6:14  Probe  
Show
View Real Time Build Order
Export as new Build Order

Harstem Protoss - Winner!

Build Orders: Phoenix Opening 

Get SALT Encoding   

  8  0:00  Probe (Chrono Boost)  
  9  0:12  Probe (Chrono Boost)  
  10  0:17  Probe (Chrono Boost)  
  11  0:27  Probe  
  12  0:32  Pylon  
  12  0:39  Probe  
  13  0:51  Probe  
  13  0:54  Gateway  
  14  1:03  Probe (Chrono Boost)  
  15  1:06  Assimilator  
  15  1:12  Probe (Chrono Boost)  
  15  1:15  Assimilator  
  15  1:17  Probe  
  17  1:30  Probe  
  17  1:32  Gateway  
  18  1:42  Probe  
  18  1:45  Cybernetics Core  
  19  1:54  Probe  
  20  1:57  Pylon  
  20  2:06  Probe  
  21  2:18  Probe  
  21  2:21  Warp Gate  
  24  2:30  Sentry, Probe, Phoenix  
  24  2:32  Pylon  
  28  2:48  Nexus  
  28  2:50  Probe  
  26  2:54  Sentry  
  28  3:03  Probe  
  28  3:05  Stalker  
  30  3:15  Probe  
  30  3:17  Stalker  
  33  3:27  Probe  
  33  3:32  Pylon  
  34  3:39  Probe (Chrono Boost)  
  35  3:42  Twilight Council  
  35  3:51  Probe (Chrono Boost)  
  36  3:59  Probe (Chrono Boost)  
  36  4:02  Probe (Chrono Boost)  
  38  4:08  Stalker x2  
  43  4:11  Probe (Chrono Boost)  
  43  4:12  Probe (Chrono Boost)  
  43  4:16  Blink (Chrono Boost)  
  44  4:18  Probe x2 (Chrono Boost)  
  44  4:20  Phoenix  
  46  4:29  Probe (Chrono Boost)  
  48  4:33  Probe (Chrono Boost)  
  48  4:35  Probe (Chrono Boost)  
  48  4:37  Pylon  
  49  4:40  Probe  
  49  4:42  Stalker  
  49  4:44  Probe  
  53  4:47  Stalker  
  53  4:52  Probe  
  56  4:56  Probe  
  57  5:00  Pylon  
  57  5:02  Stalker  
  57  5:06  Stalker  
  61  5:08  Probe x2  
  61  5:10  Pylon  
  63  5:21  Stalker  
  65  5:24  Stalker  
  68  5:32  Nexus  
  67  5:40  Robotics Facility, Stalker  
  69  5:43  Stalker  
  69  5:49  Probe, Assimilator  
  72  5:55  Pylon  
  72  5:58  Probe  
  71  6:09  Probe  
  71  6:11  Probe  
  73  6:17  Stalker x2  
Tags
 
Add a new tag
Caveats
  • Supply blocks, unpowered buildings, or Contaminate may cause inaccurate times.
  • Supply counts are checked every 10 seconds.